 Dungeon Sprint DCSS version 0.29-a0-96-g93358da72b (webtiles) character file.

Game seed: 8696493560880134966

416 mhtbhm the Basher (level 6, -2/102 HPs)
             Began as a Troll Fighter on Feb 12, 2022.
             Was an Initiate of Gozag.
             Slain by a catoblepas (16 damage)
             ... while petrified by a catoblepas
             ... in the Dungeon (Sprint IX: "|||||||||||||||||||||||||||||").
             The game lasted 00:01:39 (579 turns).

mhtbhm the Basher (Troll Fighter)                    Turns: 579, Time: 00:01:40

Health: -2/102     AC:  4    Str: 30    XL:     6   Next: 60%
Magic:  5/5        EV:  1    Int:  4    God:    Gozag
Gold:   288        SH:  0    Dex: 12    Spells: 5/5 levels left

rFire   . . .      SeeInvis .   a - +2 morningstar (protect)
rCold   . . .      Faith    .   c - +0 kite shield
rNeg    + + +      Spirit   .   b - +0 robe
rPois   ∞          Reflect  .   (helmet restricted)
rElec   .          Harm     .   (no cloak)
rCorr   .          Rampage  .   (gloves unavailable)
Will    .....      NoTele   +   (boots unavailable)
Stlth   ..........              (no amulet)
HPRegen 1.07/turn               n - +3 ring of strength
MPRegen 0.09/turn               o - +3 ring of dexterity

@: berserking (expiring), petrified
A: large, unfitting armour, claws 3, regeneration 1, shaggy fur 1, tough skin 1
a: Renounce Religion, Potion Petition, Call Merchant, Bribe Branch


You were in the Dungeon.
You worshipped Gozag.
Gozag was aware of your devotion.
You visited 1 branch You collected 288 gold pieces.

Inventory:

Hand Weapons
 a - a +2 morningstar of protection (weapon)
Missiles
 p - 6 poisoned darts (quivered)
Armour
 b - a +0 robe (worn)
 c - a +0 kite shield (worn)
Jewellery
 n - a +3 ring of strength (left claw)
 o - a +3 ring of dexterity (right claw)
Wands
 m - a wand of iceblast (5)
Scrolls
 j - 2 scrolls of blinking
 l - 2 scrolls of amnesia
Potions
 d - a potion of might
 f - 2 potions of heal wounds
 g - a potion of haste
 h - 4 potions of magic
 k - 4 potions of curing


   Skills:
 + Level 6.4 Fighting
 + Level 8.0 Maces & Flails
 + Level 5.3 Dodging
 + Level 0.4 Stealth
 + Level 6.2 Shields


You had 5 spell levels left.
You didn't know any spells.
Your spell library was empty.

Dungeon Overview and Level Annotations

Branches:
Dungeon (1/1)

Altars:
Cheibriados
Dithmenos
Elyvilon
Fedhas
Gozag
Hepliaklqana
Kikubaaqudgha
Makhleb
Nemelex Xobeh
Okawaru
Qazlal
Ru
Sif Muna
Trog
Uskayaw
Vehumet
Wu Jian
Xom
Yredelemnul
Zin
The Shining One
Beogh
Jiyva
Lugonu


Innate Abilities, Weirdness & Mutations

You are too large for most types of armour.
You have claws for hands.
Your natural rate of healing is unusually fast.
You are covered in fur. (AC +1)
You have tough skin. (AC +1)


Message History

The boulder beetle is no longer petrified.
You flicker back into view.
The centaur warrior is no longer petrified.
The boulder beetle leaps!
You turn to flesh and can move again.
There is an open door here.
Unknown command.
Unknown command.
A red film seems to cover your vision as you go berserk!
You feel yourself moving faster!
You feel mighty!
The catoblepas breathes a plume of calcifying dust at you.
The blast of calcifying dust hits you.
You hit the catoblepas.
Your weapon exudes an aura of protection.
The catoblepas is lightly wounded.
You are engulfed in calcifying dust.
You are slowing down.
The boulder beetle curls into a ball and begins rolling!
You bludgeon the catoblepas!!
The catoblepas is moderately wounded.
You are engulfed in calcifying dust.
Your limbs have turned to stone.
The catoblepas gores you!
You have turned to stone.
You are engulfed in calcifying dust.
The catoblepas gores you!!
The boulder beetle stops rolling and uncurls.
You are engulfed in calcifying dust.
The catoblepas gores you!! The catoblepas gores you!
The catoblepas breathes a plume of calcifying dust at you.
The blast of calcifying dust hits you.
You are engulfed in calcifying dust.
The catoblepas breathes a plume of calcifying dust at you.
The blast of calcifying dust hits you.
You are engulfed in calcifying dust.
The catoblepas gores you!!
You are engulfed in calcifying dust.
The catoblepas gores you!!
* * * LOW HITPOINT WARNING * * *
The boulder beetle leaps!
You are engulfed in calcifying dust.
The catoblepas gores you!!
* * * LOW HITPOINT WARNING * * *
You are engulfed in calcifying dust.
The catoblepas gores you!!
You die...
Your body crumbles into a pile of gold.

$
▓Y▓
▓[▓
$
▓[▓
▓[▓
$
▓.▓
$
▓°▓
$
▓c▓
$
▓Y▓
$
▓@▓
▓§▓
$
▓_▓
$
▓_▓
$
▓§▓
$
▓_▓
$
▓_▓
$
▓_▓
$
▓_▓


You could see a catoblepas and a centaur warrior.

Vanquished Creatures
  A shadow (D)
  A kobold brigand (D)
  A scorpion (D)
  A killer bee (D)
  A wight (D)
  A gnoll shaman (D)
  An adder (D)
  An adder zombie (D)
  3 orcs (D)
  3 endoplasms (D)
  2 frilled lizards (D)
16 creatures vanquished.

Notes
Turn   | Place    | Note
-------+----------+-------------------------------------------
     0 | D        | mhtbhm the Troll Fighter began the quest for the Orb.
     0 | D        | Reached XP level 1. HP: 22/22 MP: 0/0
    16 | D        | Reached skill level 2 in Maces & Flails
    24 | D        | Noticed a scorpion
    42 | D        | Killed a scorpion
    43 | D        | Reached skill level 3 in Maces & Flails
    43 | D        | Reached XP level 2. HP: 28/32 MP: 1/1
    43 | D        | Reached XP level 3. HP: 34/39 MP: 2/2
    49 | D        | Reached XP level 4. HP: 48/48 MP: 3/3
    59 | D        | Reached skill level 4 in Maces & Flails
    65 | D        | Found a snail-covered altar of Cheibriados.
    65 | D        | Found a shadowy altar of Dithmenos.
    65 | D        | Found a white marble altar of Elyvilon.
    65 | D        | Found a blossoming altar of Fedhas.
    65 | D        | Found an opulent altar of Gozag.
    66 | D        | Found a hazy altar of Hepliaklqana.
    67 | D        | Found a viscous altar of Jiyva.
    84 | D        | Found an ancient bone altar of Kikubaaqudgha.
    85 | D        | Found a corrupted altar of Lugonu.
    86 | D        | Found a burning altar of Makhleb.
    87 | D        | Found a sparkling altar of Nemelex Xobeh.
    88 | D        | Found an iron altar of Okawaru.
    89 | D        | Found a stormy altar of Qazlal.
    90 | D        | Found a sacrificial altar of Ru.
    91 | D        | Found a shimmering blue altar of Sif Muna.
    92 | D        | Found a bloodstained altar of Trog.
    93 | D        | Found a hide-covered altar of Uskayaw.
    94 | D        | Found a radiant altar of Vehumet.
   101 | D        | Became a worshipper of Gozag Ym Sagoz the Greedy
   108 | D        | Found an ornate altar of the Wu Jian Council.
   109 | D        | Found a shimmering altar of Xom.
   110 | D        | Found a basalt altar of Yredelemnul.
   111 | D        | Found a glowing silver altar of Zin.
   112 | D        | Found a glowing golden altar of the Shining One.
   141 | D        | Noticed a kobold brigand
   141 | D        | Noticed a shadow
   154 | D        | Killed a shadow
   155 | D        | Reached skill level 5 in Fighting
   155 | D        | Reached skill level 6 in Maces & Flails
   155 | D        | Reached skill level 5 in Dodging
   155 | D        | Reached skill level 5 in Shields
   155 | D        | Reached XP level 5. HP: 29/59 MP: 4/4
   155 | D        | Reached XP level 6. HP: 33/67 MP: 5/5
   161 | D        | Reached skill level 7 in Maces & Flails
   174 | D        | Reached skill level 8 in Maces & Flails
   365 | D        | Noticed a death knight
   365 | D        | Noticed a komodo dragon
   365 | D        | Noticed a centaur warrior
   365 | D        | Noticed a catoblepas
   365 | D        | Noticed a boulder beetle
   579 | D        | Slain by a catoblepas

Illustrated notes

Levels and vault maps discovered:
D:        linesprint [early_d, line_temple, items_1, d_10, items_2, lair_1,
          lair_end, items_3, orc_1, orc_end, items_4, d_15, swamp_1, shoals_1,
          snake_1, spider_1, d_20, vaults_1, items_5, swamp_end, shoals_end,
          snake_end, spider_end, vaults_end, d_27, items_6, zot_1, zot_end,
          crypt_end, forest_end, elf_end, slime_end, tomb_end, abyss_end,
          pan_hell_end]

Skill      XL: |  1  2  3  4  5  6 |
---------------+-------------------+-----
Maces & Flails | 3 6 8 |  8.0
Fighting       | 4 5 6 |  6.4
Shields        | 4 5 6 |  6.2
Dodging        | 3 5 |  5.3
Stealth        | |  0.4

Action                   |  1- 3 |  4- 6 || total
-------------------------+-------+-------++-------
Melee: Flail             |    36 |    10 ||    46
       Morningstar       |       |    37 ||    37
Evoke: Wand              |       |     5 ||     5
  Use: Potion            |     1 |     3 ||     4
Armor: Robe              |     4 |    10 ||    14
Dodge: Dodged            |    18 |    21 ||    39
Block: Kite shield       |    11 |    21 ||    32

Table legend: (Time is in decaauts)
 A = Elapsed time spent in this place.
 B = Non-inter-level travel time spent in this place.
 C = Inter-level travel time spent in this place.
 D = Time resting spent in this place.
 E = Time spent auto-exploring this place.
 F = Levels seen in this place.
 G = Mean time per level.
                   A        B        C        D        E       F      G
               +--------+--------+--------+--------+--------+-----+--------+
         Total |    609 |    609 |      0 |    302 |      3 |   1 |  609.0 |
       Dungeon |    609 |    609 |      0 |    302 |      3 |   1 |  609.0 |
               +--------+--------+--------+--------+--------+-----+--------+

Top non-repeatable levels by time:
       D: 609 daAuts
